 Dungeon Crawl Stone Soup version 0.22-a0-284-g99d1f74 (webtiles) character file.

8726 Serpenta the Slicer (level 11, -5/67 HPs)
             Began as an Octopode Chaos Knight on Mar 22, 2018.
             Slain by a small abomination (16 damage)
             ... summoned by the capriciousness of Xom
             ... on level 1 of the Lair of Beasts.
             The game lasted 00:42:01 (13982 turns).

Serpenta the Slicer (Octopode Chaos Knight)        Turns: 13982, Time: 00:42:01

Health: -5/67      AC:  7    Str: 14    XL:     11   Next: 35%
Magic:  15/15      EV: 18    Int: 12    God:    Xom [......]
Gold:   635        SH:  5    Dex: 15    Spells: 9/10 levels left

rFire    + + +     SeeInvis +   a - +1 dagger (venom)
rCold    . . .     Gourm    .   B - +0 buckler
rNeg     . . .     Faith    .   (helmet restricted)
rPois    +         Spirit   .   (no amulet)
rElec    .         Reflect  .   d - ring of protection from fire
rCorr    .         Harm     .   v - ring of poison resistance
MR       .....                  j - +6 ring of protection
Stlth    +++++.....             G - ring of protection from fire
HPRegen  0.21/turn              (no ring)
MPRegen  0.14/turn              (no ring)
                                (no ring)
                                (no ring)

@: about to teleport
A: almost no armour, stealthy swim, amphibious, 8 rings, constrict 8, tentacle
spike 1, camouflage 1, see invisible, dopey 1, fire resistance 1, frail 1, low
mp 1, strong 1, gelatinous body 1
a: Renounce Religion


You were on level 1 of the Lair of Beasts.
You worshipped Xom.
You were a very special plaything of Xom.
You were not hungry.

You visited 2 branches of the dungeon, and saw 12 of its levels.

You collected 635 gold pieces.


Innate Abilities, Weirdness & Mutations

You cannot wear most types of armour.
You are very stealthy in the water. (Stealth+)
You are amphibious.
You can wear up to eight rings at the same time.
You can use your tentacles to constrict eight enemies at once.
Your skin changes colour to match your surroundings (Stealth+).
Your rubbery body absorbs attacks. (AC +1, EV +1)
One of your tentacles bears a spike.
You have supernaturally acute eyesight. (SInv)
You are dopey. (Int -2)
Your flesh is heat resistant. (rF+)
You are frail. (-10% HP)
Your magical capacity is low. (-10% MP)
Your muscles are strong. (Str +2)


   Skills:
 - Level 7.0 Fighting
 - Level 10.0 Short Blades
 * Level 7.3 Dodging
 + Level 8.9 Stealth
 - Level 4.0 Shields
 - Level 9.0 Evocations


You had 9 spell levels left.
You knew the following spells:

 Your Spells              Type           Power        Failure   Level  Hunger
a - Apportation           Tloc           #.....       32%         1    ##.....

Action                   |  1- 3 |  4- 6 |  7- 9 | 10-12 || total
-------------------------+-------+-------+-------+-------++-------
Melee: Short sword       |    24 |       |       |       ||    24
       Constrict         |    14 |    41 |    73 |    40 ||   168
       Tentacles         |    12 |    30 |    66 |    54 ||   162
       Dagger            |    34 |   150 |   350 |   167 ||   701
       Kick              |       |       |    32 |    90 ||   122
       Scimitar          |       |       |       |    53 ||    53
Evoke: Wand              |       |       |     6 |    11 ||    17
       Lamp of fire      |       |       |     1 |       ||     1
  Use: Scroll            |       |     1 |     9 |     9 ||    19
       Potion            |       |       |     5 |     1 ||     6
 Stab: Sleeping          |     7 |    17 |    22 |    12 ||    58
       Confused          |       |       |     2 |     2 ||     4
       Invisible         |       |       |     5 |       ||     5
       Distracted        |       |       |     1 |     2 ||     3
  Eat: Chunk             |       |     8 |    18 |     6 ||    32
       Ration            |       |       |       |     3 ||     3
Armor: Skin              |     6 |     3 |    16 |    36 ||    61
Dodge: Dodged            |    28 |    75 |   175 |    94 ||   372
Block: Buckler           |       |       |     5 |    31 ||    36
       Rpst.: Scimitar   |       |       |       |    10 ||    10

Inventory:

Hand Weapons
 a - a +1 dagger of venom (weapon)
 i - a +0 short sword of chaos
 p - a +3 dagger
 z - a +4 scimitar of flaming
Missiles
 M - 8 tomahawks of returning (quivered)
Armour
 B - a +0 buckler (worn)
Jewellery
 d - a ring of protection from fire (left tentacle)
 j - a +6 ring of protection (on tentacle)
 v - a ring of poison resistance (right tentacle)
 G - a ring of protection from fire (on tentacle)
Wands
 w - a wand of acid (2)
 A - a wand of enslavement (9)
 E - a wand of scattershot (2)
 K - a wand of digging (9)
 L - a wand of disintegration (21)
Scrolls
 e - 5 scrolls of remove curse
 g - 2 scrolls of blinking
 n - a scroll of teleportation
 q - a scroll of enchant weapon
 r - 2 scrolls of fear
 t - a scroll of silence {unknown}
 C - a scroll of noise {unknown}
 H - a scroll of torment {unknown}
 J - 2 scrolls of identify
Potions
 c - 4 potions of brilliance
 f - 3 potions of flight
 h - 2 potions of agility
 k - 2 potions of ambrosia
 l - 3 potions of mutation
 m - 2 potions of heal wounds
 o - a potion of resistance
 s - 4 potions of curing
 x - a potion of berserk rage
 F - a potion of lignification
 I - a potion of haste
Miscellaneous
 u - a lamp of fire {god gift}
 y - a fan of gales {god gift}
 D - a phial of floods {god gift}
Comestibles
 b - 16 rations

...#....#....... .....# ###.##...
...#....#........#....###P##.....
...#....#........#...##.....+....
...#.............#...##.....##...
........#........#..........##...
........#........+....##.#####...
...#....#........#...##.#####P...
.#+#.......#.#..##....x....>.....
................@x...รท...........
.##...##.########x#P#.###########
########## #######


You could see 3 small abominations.

Vanquished Creatures
  4 spiny frogs (Lair:1)
  A gargoyle (D:10)
  A troll (D:9)
  2 hippogriffs
  A yak (D:11)
  Menkaure (D:6)
  A water moccasin (D:9)
  2 porcupines (D:10)
  2 ice beasts
  A black bear (D:10)
  3 sky beasts
  6 orc warriors
  7 ogres
  A phantom (D:7)
  3 wolves (Lair:1)
  8 centaurs
  A crocodile (D:10)
  A big kobold (D:11)
  Blork the orc (D:6)
  3 bullfrogs
  3 scorpions (D:6)
  6 wights
  4 howler monkeys
  3 crimson imps
  A centaur zombie (D:9)
  2 quasits
  2 bullfrog skeletons
  7 hounds
  2 orc priests
  3 jellies
  8 orc wizards
  2 centaur skeletons
  3 iguanas
  9 worker ants
  A hound zombie (D:6)
  3 hound skeletons
  A worker ant zombie (D:5)
  Robin (D:3)
  A howler monkey skeleton (D:4)
  4 gnolls
  13 adders
  6 shadow imps
  3 oozes
  2 adder zombies
  5 worms
  A dart slug (D:2)
  6 leopard geckos
  23 orcs
  A ball python (D:1)
  A bat zombie (D:5)
  5 giant cockroaches
  21 goblins
  16 hobgoblins
  24 jackals
  14 kobolds
  7 quokkas
  8 bats
  2 frilled lizards
  A quokka zombie (D:6)
  7 rats
  2 rat zombies (D:5)
  A spectral orc (D:8)
  A fungus (D:10)
286 creatures vanquished.

Vanquished Creatures (collateral kills)
  A two-headed ogre (D:11)
  An orc priest (D:8)
  A bullfrog (D:8)
  A wight (D:8)
  A crimson imp (D:8)
  3 orc wizards (D:8)
  An adder (D:8)
  3 orcs (D:8)
12 creatures vanquished.

Vanquished Creatures (others)
  A hydra (Lair:1)
  Erica (D:8)
  A scorpion (D:5)
  A wight (D:8)
  A fungus (Lair:1)
  4 toadstools (D:1)
9 creatures vanquished.

Grand Total: 307 creatures vanquished

Vault maps used:
D:1:      ldierk_walled_garden_2, minivault_23
D:2:      hangedman_decor_clover_reticule
D:3:      first_ration, uniq_robin
D:4:      makhleb_altar_promises_db, minmay_goblin_kobold_house
D:5:      lemuel_zombie_altar_kikubaaqudgha, kennysheep_mini_moat, slow_altar_1,
          tso_metal_star, grunt_gozag_statues
D:6:      grunt_qazlal_clouds, kennysheep_okawaru_gauntlet,
          nicolae_dithmenos_shadow_blocks, minmay_temple_entry_from_below_b,
          elyvilon_altar_1, uniq_duvessa, uniq_menkaure, uniq_blork_the_orc
D:7:      lemuel_coloured_pillars_altar, lemuel_blue_sif_altar,
          kennysheep_cross_bottleneck
D:8:      yredelemnul_forgotten_temple_becter, serial_shops,
          nicolae_shop_overgrown_old_shop, uniq_erica
D:9:      nemelex_altar_shiori, lemuel_doored_altar, the_bakery
D:10:     grunt_lair_entry_orc_guard_hut
Lair:1:   lemuel_old_faithful


Message History

The small abomination hits you.
The small abomination completely misses you.
You block the small abomination's attack.
The small abomination barely misses you.
The small abomination hits you!
You block the small abomination's attack.
The small abomination hits you!
There is a stone staircase leading down here.
The small abomination barely misses you.
The small abomination barely misses you.
The small abomination misses you.
The small abomination closely misses you.
The small abomination barely misses you.
The small abomination hits you!!
* * * LOW HITPOINT WARNING * * *
The small abomination barely misses you.
The small abomination closely misses you.
As you read the scroll of teleportation, it crumbles to dust.
You feel strangely unstable. The small abomination hits you!
You die...

Notes
Turn   | Place    | Note
-------+----------+-------------------------------------------
     0 | D:1      | Serpenta the Octopode Chaos Knight began the quest for the Orb.
     0 | D:1      | Reached XP level 1. HP: 16/16 MP: 1/1
    73 | D:1      | Reached skill level 1 in Stealth
   131 | D:1      | Reached XP level 2. HP: 19/21 MP: 2/2
   226 | D:1      | XOM: harmless Hex miscast
   500 | D:1      | Reached XP level 3. HP: 26/26 MP: 3/3
   942 | D:2      | Reached XP level 4. HP: 27/31 MP: 4/4
  1417 | D:2      | Reached skill level 5 in Stealth
  1775 | D:3      | Reached skill level 4 in Short Blades
  1798 | D:3      | Reached XP level 5. HP: 36/36 MP: 5/5
  2233 | D:3      | XOM: stat loss: -1 Int (13/14)
  2420 | D:3      | Noticed Robin
  2429 | D:3      | XOM: fog
  2466 | D:3      | Killed Robin
  2737 | D:3      | XOM is BORED!
  2737 | D:3      | XOM: summons 2 hostile shadow creatures
  2811 | D:3      | XOM: polymorph hobgoblin -> goblin
  3181 | D:4      | Reached XP level 6. HP: 42/42 MP: 6/6
  3265 | D:4      | Reached skill level 5 in Short Blades
  3297 | D:3      | XOM: scenery: create altars
  3380 | D:4      | Reached XP level 7. HP: 40/46 MP: 7/7
  3402 | D:5      | Entered Level 5 of the Dungeon
  3556 | D:5      | XOM: summons friendly crimson imp
  3775 | D:5      | Reached skill level 6 in Short Blades
  4074 | D:5      | XOM: divine lightning
  4351 | D:5      | XOM: divination: detect creatures
  4387 | D:5      | Found a glowing golden altar of the Shining One.
  4397 | D:5      | Reached skill level 7 in Short Blades
  4418 | D:4      | XOM: swap monsters
  4613 | D:5      | Found an opulent altar of Gozag.
  4619 | D:5      | XOM: god gift: lamp of fire {god gift}
  4634 | D:5      | Found a radiant altar of Vehumet.
  4826 | D:6      | Reached XP level 8. HP: 52/52 MP: 8/8
  4841 | D:6      | Found a shadowy altar of Dithmenos.
  4842 | D:6      | Reached skill level 1 in Evocations
  4876 | D:6      | XOM: summons friendly iron imp
  5098 | D:6      | Noticed Duvessa
  5130 | D:7      | XOM: scenery: create altars
  5131 | D:7      | XOM: god gift: fan of gales {god gift}
  5191 | D:7      | XOM: medium Pois miscast
  5204 | D:7      | XOM: silly message
  5384 | D:7      | Found a white marble altar of Elyvilon.
  5476 | D:7      | XOM: mild Fire miscast
  5643 | D:7      | XOM: repel stairs
  5645 | D:7      | XOM: swap monsters
  5747 | D:7      | XOM: medium Tloc miscast
  5748 | D:7      | Reached skill level 5 in Evocations
  6036 | D:7      | Reached skill level 8 in Short Blades
  6036 | D:7      | Reached XP level 9. HP: 59/59 MP: 12/12
  6141 | D:6      | Found a staircase to the Ecumenical Temple.
  6142 | D:6      | wow
  6167 | D:7      | XOM: give mutation
  6167 | D:7      | Gained mutation: Your mind is acute. (Int +2) [Xom's grace]
  6318 | D:5      | XOM: divination: detect creatures
  6444 | D:5      | XOM: summons friendly crimson imp
  6450 | D:5      | XOM: polymorph crimson imp -> quasit
  6613 | D:5      | Found a snail-covered altar of Cheibriados.
  6651 | D:5      | XOM is BORED!
  6651 | D:5      | XOM: give mutations
  6651 | D:5      | Gained mutation: You occasionally shout uncontrollably at your foes. [Xom's mischief]
  6651 | D:5      | Gained mutation: One of your tentacles bears a spike. [Xom's mischief]
  6651 | D:5      | Lost mutation: One of your tentacles bears a spike. [Xom's mischief]
  6652 | D:5      | XOM: cloud trail
  6700 | D:5      | XOM: god gift: club {god gift}
  6711 | D:5      | Reached skill level 5 in Fighting
  6811 | D:5      | Found an ancient bone altar of Kikubaaqudgha.
  6945 | D:3      | Lost mutation: Your mind is acute. (Int +2) [potion of mutation]
  6945 | D:3      | Lost mutation: You occasionally shout uncontrollably at your foes. [potion of mutation]
  6945 | D:3      | Gained mutation: You are dopey. (Int -2) [potion of mutation]
  6945 | D:3      | Gained mutation: You are frail. (-10% HP) [potion of mutation]
  6945 | D:3      | Gained mutation: Your magical capacity is low. (-10% MP) [potion of mutation]
  6945 | D:3      | Gained mutation: One of your tentacles bears a spike. [potion of mutation]
  7059 | D:4      | XOM: fog
  7102 | D:4      | Found a burning altar of Makhleb.
  7102 | D:4      | Noticed a green death
  7105 | D:4      | Noticed an orange demon
  7276 | D:6      | XOM: divination: detect items
  7534 | D:6      | Noticed Blork the orc
  7541 | D:6      | Killed Blork the orc
  7678 | D:6      | XOM: cast spell 'Olgreb's Toxic Radiance'
  7784 | D:6      | Noticed Menkaure
  7786 | D:6      | Found a white marble altar of Elyvilon.
  7788 | D:6      | Killed Menkaure
  7893 | D:6      | Found a stormy altar of Qazlal.
  7903 | D:6      | Noticed Dowan
  7965 | D:6      | Found an iron altar of Okawaru.
  7991 | D:6      | XOM: god gift: phial of floods {god gift}
  8322 | D:7      | Found a deep blue altar of Sif Muna.
  8357 | D:7      | XOM: god gift: scythe {god gift}
  8359 | D:7      | Reached skill level 1 in Shields
  8507 | D:8      | Noticed Gorglomux's ghost (novice NaFi)
  8508 | D:8      | Noticed Erica
  8519 | D:8      | XOM: polymorph jackal -> jackal
  8595 | D:8      | XOM: summons friendly crimson imp
  8605 | D:8      | XOM: god gift: 10 arrows {god gift}
  8695 | D:7      | XOM: scenery: 1 doors close
  9022 | D:8      | XOM: summons friendly crimson imp
  9101 | D:8      | XOM: summons 5 friendly demons
  9160 | D:8      | XOM: summons friendly white imp
  9178 | D:8      | Killed Erica
  9178 | D:8      | Reached XP level 10. HP: 49/62 MP: 14/14
  9290 | D:7      | XOM: give mutations
  9290 | D:7      | Gained mutation: You have supernaturally acute eyesight. (SInv) [Xom's grace]
  9290 | D:7      | Gained mutation: Your flesh is heat resistant. (rF+) [Xom's grace]
  9290 | D:7      | Gained mutation: Your muscles are strong. (Str +2) [Xom's grace]
  9503 | D:8      | Identified Xotet's Incunabulum of the Traveller and Boosts {god gift} (Xom gifted it to you on level 8 of the Dungeon)
  9503 | D:8      | XOM: god gift: Xotet's Incunabulum of the Traveller and Boosts {god gift}
  9507 | D:8      | Learned a level 1 spell: Apportation
  9564 | D:8      | XOM: scenery: create altars
  9574 | D:8      | Noticed a two-headed ogre
  9580 | D:8      | XOM: swap monsters
  9590 | D:8      | XOM: cleaving
  9597 | D:8      | XOM: summons 2 friendly demons
  9606 | D:8      | XOM: enchant monster (good)
 10082 | D:8      | XOM: cast spell 'Discord'
 10240 | D:8      | Found Amif's Antique Armour Boutique.
 10324 | D:8      | Found a basalt altar of Yredelemnul.
 10410 | D:9      | XOM: scenery: 1 doors open
 10448 | D:9      | Found a shimmering altar of Xom.
 10564 | D:9      | XOM: polymorph bullfrog -> sky beast
 10576 | D:10     | Entered Level 10 of the Dungeon
 10895 | D:9      | Found a sparkling altar of Nemelex Xobeh.
 11172 | D:9      | Reached skill level 9 in Short Blades
 11200 | D:9      | XOM: smoke on damage
 11486 | D:10     | XOM: noise
 11521 | D:10     | XOM: stat loss: -1 Dex (14/15)
 12239 | D:10     | Noticed a gargoyle
 12245 | D:10     | XOM: noise
 12246 | D:10     | XOM: harmless Fire miscast
 12268 | D:10     | XOM: swap monsters
 12270 | D:10     | Killed a gargoyle
 12379 | D:10     | Found a staircase to the Lair.
 12380 | D:10     | XOM: chaos upgrade
 12386 | D:10     | XOM: chaos upgrade
 12386 | D:10     | XOM: butterfly on damage
 12682 | D:11     | Noticed a two-headed ogre
 12683 | D:11     | XOM: summons 2 friendly demons
 12688 | D:11     | Killed a two-headed ogre
 12688 | D:11     | Reached skill level 10 in Short Blades
 12688 | D:11     | Reached skill level 5 in Dodging
 12688 | D:11     | Reached XP level 11. HP: 67/67 MP: 15/15
 12818 | D:11     | XOM: swap monsters
 12989 | Lair:1   | Entered Level 1 of the Lair of Beasts
 13000 | Lair:1   | XOM: confuse monster(s)
 13176 | Lair:1   | XOM: harmless Ice miscast
 13181 | Lair:1   | XOM: mild Tmut miscast
 13309 | Lair:1   | Killed an eight-headed hydra
 13943 | Lair:1   | XOM: medium Summ miscast
 13982 | Lair:1   | Slain by a small abomination
